 Seeded DCSS version 0.31-a0-210-gccc998df9b (webtiles) character file.

Game seed: 8113056780134302019 (custom seed)

59 innerfire43 the Trooper (level 3, -1/31 HPs)
             Began as a Demonspawn Monk on June 30, 2023.
             Succumbed to an adder's poison
             ... on level 2 of the Dungeon.
             The game lasted 00:01:18 (749 turns).

innerfire43 the Trooper (Demonspawn Monk)            Turns: 749, Time: 00:01:19

Health: -1/31      AC:  3    Str: 13    XL:     3   Next: 78%
Magic:  3/3        EV: 13    Int: 11    God:
Gold:   36         SH:  0    Dex: 15    Spells: 2/2 levels left

rFire   . . .        a - +0 hand axe
rCold   . . .        d - orb {light}
rNeg    . . .        b - +0 robe
rPois   .            h - +0 helmet
rElec   .            (no cloak)
rCorr   .            (no gloves)
SInv    .            (no boots)
Will    .....        (no amulet)
Stlth   +            (no ring)
HPRegen 0.25/turn    (no ring)
MPRegen 0.08/turn

%: no passive effects
@: lethally poisoned (-1 -> -12), glowing, studying Fighting
A: demonic touch 1
a: no special abilities


You were on level 2 of the Dungeon.
You visited 1 branch of the dungeon, and saw 2 of its levels.

You collected 36 gold pieces.

Inventory:

Hand Weapons
 a - a +0 hand axe (weapon)
Armour
 b - a +0 robe (worn)
 d - an orb of light (worn)
 h - a +0 helmet (worn)
 j - a +0 tower shield
Jewellery
 e - a ring of see invisible
Scrolls
 f - a scroll of fog {unknown}
 g - 2 scrolls of vulnerability {unknown}
 i - 3 scrolls of teleportation {unknown}
 k - a scroll of acquirement
 l - a scroll of amnesia {unknown}
 m - a scroll of blinking {unknown}


   Skills:
 * Level 4.4 Fighting
 + Level 3.2 Axes
 + Level 3.2 Dodging


You had 2 spell levels left.
You didn't know any spells.
Your spell library was empty.

Dungeon Overview and Level Annotations

Branches:
Dungeon (2/15)

Altars:

Shops:
D:1 ?


Innate Abilities, Weirdness & Mutations

Your touch may inflict minor irresistible damage on your foes.


Message History

You bump into the rock wall.
You feel sick. The adder barely misses you. The adder attacks as you move away!
The adder misses you.
You feel sick. The adder attacks as you move away!
The adder closely misses you. The adder attacks as you move away!
The adder bites you.
You feel less invigorated.
You feel less confused.
You feel sick. The adder bites you. The adder bites you but does no damage.
You slash the adder!
You kill the adder!
You barely miss the adder.
You feel sick. The adder misses you.
You feel sick.
You are no longer poisoned.
The adder bites you but does no damage. The adder bites you. x2
You are poisoned.
The adder poisons you!
You feel sick. The adder bites you.
* * * LOW HITPOINT WARNING * * *
You hit the adder.
The adder is almost dead.
You feel sick. The adder closely misses you.
You closely miss the adder.
The adder is almost dead.
You feel sick. The adder closely misses you.
The adder bites you but does no damage.
You closely miss the adder.
The adder is almost dead.
You feel sick. The adder closely misses you.
You hit the adder but do no damage.
The adder is almost dead.
You feel sick. The adder bites you.
* * * LOW HITPOINT WARNING * * *
You are lethally poisoned!
The adder poisons you! The adder bites you.
* * * LOW HITPOINT WARNING * * *
You are more poisoned.
The adder poisons you!
You hit the adder.
You kill the adder!
You die...

###.#..##.# ###..[###
......##.# #...# ######
#.#..##.# #...##......
#.......#####.....>...#.
###..#.....)............
##......................
#.......................
#.....#######..$..<.....
#.....# #.@.##.....=
##...## #...# ####.
###.# #...# #.# #...#
#.# #...# ..# ....# ###
######


There were no monsters in sight!

Vanquished Creatures
  A gnoll (D:1)
  3 adders (D:2)
  2 dart slugs (D:1)
  5 bats (D:1)
  2 endoplasms (D:1)
  3 giant cockroaches (D:1)
  4 goblins
  3 kobolds
  A quokka (D:1)
  2 ball pythons (D:1)
  A rat (D:1)
27 creatures vanquished.

Notes
Turn   | Place    | Note
-------+----------+-------------------------------------------
     0 | D:1      | innerfire43 the Demonspawn Monk began the quest for the
                  | Orb.
     0 | D:1      | Reached XP level 1. HP: 18/18 MP: 1/1
   101 | D:1      | Gained mutation: Your touch may inflict minor irresistible
                  | damage on your foes. [demonic ancestry]
   101 | D:1      | Reached XP level 2. HP: 19/24 MP: 2/2
   223 | D:1      | Identified a scroll of acquirement
   223 | D:1      | Acquired a manual of Fighting
   281 | D:1      | Reached XP level 3. HP: 23/30 MP: 3/3
   384 | D:1      | Reached skill level 4 in Fighting
   436 | D:1      | Found Ponycs's Magic Scroll Shop.
   748 | D:2      | HP: 1/31 [adder (1)]
   749 | D:2      | Succumbed to an adder's poison

Illustrated notes

Levels and vault maps discovered:
D:1:      roderic_crossed_star, layout_rooms, serial_shops, nicolae_diamond_shop
D:2:      layout_loops_cross

Skill      XL: |  1  2  3 |
---------------+----------+-----
Axes           | 3 |  3.2
Dodging        | 3 |  3.2
Fighting       | 4 |  4.4

Action                     || total
---------------------------++-------
  Melee: Hand axe          ||    85
    Use: Scroll            ||     1
         Potion            ||     1
 Armour: Robe              ||    35
  Dodge: Dodged            ||    72

Table legend: (Time is in decaauts)
 A = Elapsed time spent in this place.
 B = Non-inter-level travel time spent in this place.
 C = Inter-level travel time spent in this place.
 D = Time resting spent in this place.
 E = Time spent auto-exploring this place.
 F = Levels seen in this place.
 G = Mean time per level.
                   A        B        C        D        E       F      G
               +--------+--------+--------+--------+--------+-----+--------+
         Total |    762 |    719 |     43 |      0 |    509 |   2 |  381.0 |
       Dungeon |    762 |    719 |     43 |      0 |    509 |   2 |  381.0 |
               +--------+--------+--------+--------+--------+-----+--------+

Top non-repeatable levels by time:
     D:1: 618 daAuts
     D:2: 144 daAuts
